[Event "UK Open Blitz Championships 2024 - London Qualifier"]
[Site "London, United Kingdom"]
[Date "2024.09.21"]
[Round "1.1"]
[White "Ghasi, Ameet K"]
[Black "Graff, Ben"]
[Result "1-0"]
[TimeControl "3 minutes + 2 seconds incr. from move 1"]
[WhiteTitle "IM"]
[WhiteFideId "409200"]
[BlackFideId "424170"]
[WhiteElo "2524"]
[BlackElo "1798"]

1. Nf3 Nf6 2. g3 g6 3. b3 Bg7 4. Bb2 O-O 5. Bg2 d5 6. c4 c6 7. O-O Nbd7 8. a4 a5 9.
d4 Re8 10. Nc3 dxc4 11. bxc4 Nb6 12.
Qd3 Qc7 13. Bc1 Be6 14. Bf4 Qc8 15. Nd2 Rd8 16. Rab1 Nbd7 17. Qc2 Nf8 18. Be5 Bh3 19. e3 Bxg2 20. Kxg2 Qe6 21. Rxb7 N8d7 22.
Bxf6 Nxf6 23. Rfb1 h5 24. Nce4 Nxe4 25. Qxe4 Qxe4+ 26. Nxe4 e5 27. dxe5 Bxe5 28. Re7 Re8 29. Rbb7 Rxe7 30.
Rxe7 Kg7 31. Rxe5 Rb8 32. Rxa5 Rb4 33. Nd6 Rb6 34. Ra7 1-0

[Event "UK Open Blitz Championships 2024 - London Qualifier"]
[Site "London, United Kingdom"]
[Date "2024.09.21"]
[Round "1.2"]
[White "Mcbrinn, Conall"]
[Black "Gasanov, Eldar"]
[Result "0-1"]
[TimeControl "3 minutes + 2 seconds incr. from move 1"]
[BlackTitle "GM"]
[WhiteFideId "461172"]
[BlackFideId "14104466"]
[WhiteElo "1787"]
[BlackElo "2467"]

1. d4 d6 2. c4 e5 3. e3 Nd7 4.
Nc3 g6 5. d5 f5 6. Qc2 Bg7 7. Be2 e4 8. Bd2 Ngf6 9. Nb5 Ne5 10. Nd4 c5 11. dxc6 bxc6 12. Nh3 c5 13. Nb5 O-O 14. O-O Qe7 15. Rfd1 a6 16.
Nc3 Be6 17. b3 Kh8 18. Rac1 Bg8 19. Nf4 g5 20. Nfd5 Nxd5 21. Nxd5 Bxd5 22. cxd5 g4 23. g3 Nf3+ 24. Kg2 Rf6 25.
Bc3 Rh6 26. Rh1 a5 27. Bxg7+ Qxg7 28. Qc3 Ne5 29. Rhd1 Qf7 30. Rh1 Qxd5 31. Rcd1 Qe6 32. Rd2 a4 33. Rhd1 Qe7 34. bxa4 Rxa4 35. Qb3 Rb4 36. Qa3 Kg7 37. Rd5 Rb6 38. Qa5 Qb7 39. a3 Rb2 40. Bf1 Nd3 41. Bxd3 Qxd5 42. Bf1 Qxd1 43. Qc7+ Kg6 44. Qc6 Qf3+ 45.
Kg1 Qxf2+ 0-1

[Event "UK Open Blitz Championships 2024 - London Qualifier"]
[Site "London, United Kingdom"]
[Date "2024.09.21"]
[Round "1.4"]
[White "Janula, Mariusz"]
[Black "Roberson, Peter T"]
[Result "0-1"]
[TimeControl "3 minutes + 2 seconds incr. from move 1"]
[BlackTitle "IM"]
[WhiteFideId "1163477"]
[BlackFideId "412384"]
[WhiteElo "1783"]
[BlackElo "2346"]

1. e4 e6 2. d4 d5 3. e5 c5 4. c3 Nc6 5. Nf3 Bd7 6. Be2 Nge7 7. O-O Ng6 8. Be3 Be7 9. Nbd2 O-O 10. Rc1 Rc8 11. Re1 cxd4 12. cxd4 f6 13.
exf6 Bxf6 14. Bd3 Be8 15. a3 e5 16. dxe5 Ngxe5 17. Nxe5 Nxe5 18. Bb1 Rxc1 19. Qxc1 Ng4 20. Nf3 Nxe3 21.
Rxe3 d4 22. Re1 d3 23. Qc4+ Bf7 24. Qxd3 Qxd3 25. Bxd3 Bxb2 26. Rb1 Bxa3 27. Rxb7 Bc5 28. Rd7 Be6 29. Rc7 Bb6 30. Rc1 Rd8 31. Bb1 a5 32. Ne5 a4 33. Nc6 Rd2 34. Rf1 a3 35.
Nb4 Rb2 36. Nc2 a2 37. Bxa2 Rxa2 38. Nb4 Rb2 39. Nc6 Bc4 40. Ra1 Rxf2 41. Ra8+ Rf8+ 0-1

[Event "UK Open Blitz Championships 2024 - London Qualifier"]
[Site "London, United Kingdom"]
[Date "2024.09.21"]
[Round "2.3"]
[White "Roberson, Peter T"]
[Black "Chauhan, Pranay"]
[Result "1-0"]
[TimeControl "3 minutes + 2 seconds incr. from move 1"]
[WhiteTitle "IM"]
[WhiteFideId "412384"]
[BlackFideId "431346"]
[WhiteElo "2346"]
[BlackElo "1935"]

1. e4 e6 2. d4 d5 3. e5 c5 4. c3 Nc6 5. Nf3 Bd7 6. Be2 f6 7. O-O cxd4 8. cxd4 Nh6 9. Nc3 Nf7 10. Re1 fxe5 11. dxe5 Be7 12.
Bd3 O-O 13. Bf4 a6 14. Rc1 g5 15. Bg3 Kh8 16. Bb1 Nh6 17. h3 Nf5 18. Bh2 Qe8 19. Qd2 Qh5 20. Ne2 Qh6 21. Ned4 Ncxd4 22. Nxd4 Nh4 23. Rc7 Rad8 24. Rxb7 Bc5 25. Re2 Ng6 1-0

[Event "UK Open Blitz Championships 2024 - London Qualifier"]
[Site "London, United Kingdom"]
[Date "2024.09.21"]
[Round "2.4"]
[White "Udhayasuriyan, Ashwini"]
[Black "Badacsonyi, Stanley"]
[Result "0-1"]
[TimeControl "3 minutes + 2 seconds incr. from move 1"]
[BlackTitle "FM"]
[WhiteFideId "5046785"]
[BlackFideId "486973"]
[WhiteElo "1939"]
[BlackElo "2332"]

1. e4 e6 2. d4 d5 3. Nd2 h6 4. Ngf3 Nf6 5. e5 Nfd7 6.
Bd3 c5 7. c3 Nc6 8. O-O g5 9. h3 h5 10.
dxc5 Ndxe5 11. Nxe5 Nxe5 12. Nf3 Nxd3 13. Qxd3 g4 14. Ne5 a6 15. b4 Bg7 16. Bf4 Bd7 17. a4 Rc8 18. Rfe1 Kf8 19.
Ra2 Be8 20. c4 dxc4 21. Qxd8 Rxd8 22. Nxc4 Rd4 23. Bd6+ Kg8 24. Rc1 Bc6 25. b5 axb5 26. axb5 Bxb5 27. Ra8+ Kh7 28. Rxh8+ Bxh8 29. Ne5 gxh3 30. gxh3 Rd5 31. Nxf7 Bf6 32. f4 Rd2 33. Ng5+ Kg6 34. h4 Bd4+ 35. Kh1 Bc6+ 0-1

[Event "UK Open Blitz Championships 2024 - London Qualifier"]
[Site "London, United Kingdom"]
[Date "2024.09.21"]
[Round "2.5"]
[White "Yoon, Jacob D"]
[Black "Czopor, Maciej"]
[Result "1-0"]
[TimeControl "3 minutes + 2 seconds incr. from move 1"]
[WhiteTitle "CM"]
[BlackTitle "FM"]
[WhiteFideId "446076"]
[BlackFideId "21805431"]
[WhiteElo "1921"]
[BlackElo "2320"]

1. d4 Nf6 2. Nf3 g6 3.
Nbd2 Bg7 4. e4 d6 5. Bd3 O-O 6. O-O Nbd7 7. c3 e5 8. Re1 c6 9. Nf1 a5 10. a4 h6 11. h3 Nh5 12. g4 Nf4 13. Bxf4 exf4 14. Kg2 c5 15. Qc1 cxd4 16. cxd4 g5 17.
N1d2 Re8 18. Nc4 Nf8 19. Qc2 Be6 20. d5 Bc8 21. e5 dxe5 22. Ncxe5 Bxe5 23. Rxe5 Rxe5 24. Nxe5 Qxd5+ 25. Nf3 Be6 26. Be4 Qc4 27. Qxc4 Bxc4 28. Bxb7 Rb8 29. Rc1 Rxb7 30. Rxc4 Rxb2 31. Rc5 Nd7 32. Rxa5 Nf6 33. Re5 Ra2 34. a5 Kg7 35. Nd4 Nd7 36. Nf5+ Kf6 37. Rd5 Ne5 38. Rd6# 1-0

[Event "UK Open Blitz Championships 2024 - London Qualifier"]
[Site "London, United Kingdom"]
[Date "2024.09.21"]
[Round "3.1"]
[White "Ghasi, Ameet K"]
[Black "Finn, Peter"]
[Result "1-0"]
[TimeControl "3 minutes + 2 seconds incr. from move 1"]
[WhiteTitle "IM"]
[BlackTitle "CM"]
[WhiteFideId "409200"]
[BlackFideId "432156"]
[WhiteElo "2524"]
[BlackElo "2015"]

1. Nf3 Nf6 2. g3 d5 3. Bg2 e6 4. O-O Be7 5. d3 O-O 6. Nbd2 c5 7.
e4 b5 8.
e5 Nfd7 9. h4 Nc6 10. Re1 a5 11. Nf1 Bb7 12. N1h2 Qb6 13. Bg5 Rfc8 14.
Ng4 Qd8 15. Qd2 Nf8 16. Bxe7 Nxe7 17. h5 h6 18. Nh4 c4 19. d4 c3 20. bxc3 Qc7 21. Re3 b4 22. Rf3 bxc3 23. Qf4 Nf5 24. Nxf5 exf5 25. Qxf5 Ne6 26. Rd1 Ba6 27. Ne3 Be2 28.
Nxd5 Qa7 29. Rfd3 Bxd3 30. Qxd3 Rab8 31. Ne3 Rb2 32. d5 Nc5 33. Qd4 Qb6 34.
d6 Ne6 35. Qg4 Rxa2 36. Bd5 Qb4 37.
Qxb4 axb4 38. Bxa2 Kf8 39. Bb3 Rd8 40.
Nd5 Nc5 41. Nxb4 Ne4 42. Nc6 Rd7 43.
Rd3 Ng5 44. Rxc3 f6 45. exf6 gxf6 46. Rd3 f5 47. Ne5 Ra7 48. d7 1-0

[Event "UK Open Blitz Championships 2024 - London Qualifier"]
[Site "London, United Kingdom"]
[Date "2024.09.21"]
[Round "3.2"]
[White "Coleman, Robbie"]
[Black "Gasanov, Eldar"]
[Result "0-1"]
[TimeControl "3 minutes + 2 seconds incr. from move 1"]
[BlackTitle "GM"]
[WhiteFideId "2461323"]
[BlackFideId "14104466"]
[WhiteElo "2000"]
[BlackElo "2467"]

1. d4 Nf6 2. c4 e6 3. Nf3 Bb4+ 4. Bd2 a5 5. a3 Bxd2+ 6. Nbxd2 d6 7. g3 Qe7 8. Bg2 e5 9. dxe5 dxe5 10. O-O e4 11. Ne1 e3 12.
fxe3 Qxe3+ 13. Kh1 Ng4 14. Nd3 Qh6 15. Nf3 Ne3 16. Qa4+ Bd7 17. Qb3 Nxf1 18. Rxf1 Bc6 19. Nfe5 Bxg2+ 20. Kxg2 O-O 21. Qxb7 Na6 22. Rf4 Qe6 23. Qf3 Rae8 24. Re4 f6 25. Nf4 fxe5 26. Nxe6 Rxf3
27. Nxc7 Nxc7 28. exf3 Kf7 29. Re3 Rb8 30. b3 Kf6 31. f4 exf4 32. gxf4 Ne6 33. Kf3 Rxb3 34. Rxb3 Nd4+ 35. Ke4 Nxb3 36. Kd5 Ke7 37. Kc6 Kd8 38. Kb6 Kd7 39. c5 Nd4 40. Kxa5 Kc6 41. Kb4 Ne6 42. f5 Nxc5 43. Kc4 Nd7 44. Kd4 Kd6 45. a4 Nc5 46. a5 Nb3+ 47. Ke4 Nxa5 48. h4 Ke7 49.
Ke5 Nc6+ 50. Kf4 Kf6 51. h5 h6 0-1

[Event "UK Open Blitz Championships 2024 - London Qualifier"]
[Site "London, United Kingdom"]
[Date "2024.09.21"]
[Round "3.3"]
[White "Fernandez, Michael H"]
[Black "Roberson, Peter T"]
[Result "0-1"]
[TimeControl "3 minutes + 2 seconds incr. from move 1"]
[BlackTitle "IM"]
[WhiteFideId "5803560"]
[BlackFideId "412384"]
[WhiteElo "1999"]
[BlackElo "2346"]

1. c4 e5 2. g3 d6 3. Nc3 f5 4. d4 Be7 5. Bg2 Nf6 6. dxe5 dxe5 7. Qxd8+ Bxd8 8. Nf3 Nc6 9. Nd5 e4 10. Nd2 Nxd5 11. cxd5 Nb4 12.
O-O Nxd5 13. Nb3 Bf6 14. f3 exf3 15. Bxf3 c6 16. Nc5 0-1

[Event "UK Open Blitz Championships 2024 - London Qualifier"]
[Site "London, United Kingdom"]
[Date "2024.09.21"]
[Round "3.4"]
[White "Badacsonyi, Stanley"]
[Black "Bijeljic, Branko"]
[Result "1-0"]
[TimeControl "3 minutes + 2 seconds incr. from move 1"]
[WhiteTitle "FM"]
[WhiteFideId "486973"]
[BlackFideId "343413250"]
[WhiteElo "2332"]
[BlackElo "2003"]

1. d4 Nf6 2. Nc3 d5 3. Bf4 c5 4. e4 cxd4 5. Qxd4 Nc6 6. Bb5 Bd7 7. Bxc6 Bxc6 8. e5 Nd7 9. e6 fxe6 10. Nf3 Qb6 11. Qd2 h6 12. O-O-O g5 13. Be3 Qc7 14. Rhe1 Bg7 15. Bd4 Bxd4 16. Qxd4 O-O-O 17. Rxe6 Nb6 18.
Rde1 Rh7 19. Ne5 Rd6 20. Qg4 Kb8 21. Qf5 Rh8 22. Rxd6 Qxd6 23. Nf7 1-0

[Event "UK Open Blitz Championships 2024 - London Qualifier"]
[Site "London, United Kingdom"]
[Date "2024.09.21"]
[Round "4.1"]
[White "Lucchi, Lorenzo"]
[Black "Ghasi, Ameet K"]
[Result "0-1"]
[TimeControl "3 minutes + 2 seconds incr. from move 1"]
[BlackTitle "IM"]
[WhiteFideId "821160"]
[BlackFideId "409200"]
[WhiteElo "2153"]
[BlackElo "2524"]

1. e4 g6 2. h4 d5 3. exd5 Qxd5 4.
Nc3 Qd6 5. d4 Bg7 6. h5 a6 7. Nf3 Bg4 8. h6 Bf6 9. Ne4 Qd5 10. Nxf6+ Nxf6 11. Be2 Nc6 12. c4 Qe4 13. d5 O-O-O 14. Bd2 Ne5 15. Nxe5 Qxe5 16. Bc3 Qxe2+ 17. Qxe2 Bxe2 18. Kxe2 Rhe8 19. f3 Nh5 20. Kf2 e6 21. dxe6 Rxe6 22. Rhe1 Nf4 23. Rxe6 Nxe6 24.
Re1 Rd3 25. Re3 Rd1 26. Re1 Rd3 27. Re3 Rd6 28. g3 Kd7 29. b3 b6 30. Ke2 c5 31. Be5 Rc6 32. f4 Ke7 33. g4 f6 34. Bc3 Kf7 35. f5 Ng5 36. Rd3 Ke7 37. Re3+ Kf7 38. Rd3 Ke7 39. fxg6 hxg6 40. Bd2 Re6+ 41. Re3 Nh7 42. a4 a5 43. Rxe6+ Kxe6 44. Bf4 Kd7 45. Kd3 Kc6 46. Ke4 Nf8 47. Bg3 Ne6 48. Bf4 Nf8 49. Be3 Kd6 50. Bd2 Ke6 51. Bf4 Kd7 52. Kd5 Nh7 53. Be3 Nf8 54. g5 f5 55. Ke5 Ke7 56. Bf4 Nh7 57. Kd5 Kd7 58. Be5 Nxg5 59.
Bf6 Nh7 60. Bh4 g5 61. Bf2 f4 62. Ke5 Ke7 63. Kf5 Kf7 64. Be1 f3 65. Bg3 Nf8 66. Kxg5 Ne6+ 67. Kh5 Nd4 68. Kg4 Kg6 69. Kf4 Nxb3 70. Ke5 Nd2 71. Kd5 Kxh6 72. Be1 Kg6 73. Bf2 Kf5 74.
Kc6 Nxc4 75. Kb5 Nd6+ 76. Kxb6 c4 77. Kxa5 c3 0-1

[Event "UK Open Blitz Championships 2024 - London Qualifier"]
[Site "London, United Kingdom"]
[Date "2024.09.21"]
[Round "4.2"]
[White "Gasanov, Eldar"]
[Black "Mirzoeva, Elmira"]
[Result "1/2-1/2"]
[TimeControl "3 minutes + 2 seconds incr. from move 1"]
[WhiteTitle "GM"]
[BlackTitle "WGM"]
[WhiteFideId "14104466"]
[BlackFideId "4127951"]
[WhiteElo "2467"]
[BlackElo "2094"]

1. e4 c6 2. d4 d5 3. Nc3 dxe4 4.
Nxe4 Bf5 5. Ng3 Bg6 6. h4 h6 7. Nf3 Nd7 8. Bd3 Bxd3 9. Qxd3 Ngf6 10. Bd2 e6 11. O-O-O 1/2-1/2

[Event "UK Open Blitz Championships 2024 - London Qualifier"]
[Site "London, United Kingdom"]
[Date "2024.09.21"]
[Round "4.3"]
[White "Roberson, Peter T"]
[Black "Dignam, Matthew P"]
[Result "1-0"]
[TimeControl "3 minutes + 2 seconds incr. from move 1"]
[WhiteTitle "IM"]
[WhiteFideId "412384"]
[BlackFideId "2501422"]
[WhiteElo "2346"]
[BlackElo "2043"]

1. e4 d6 2. d4 Nf6 3. Nc3 c6 4.
Nf3 Bg4 5. h3 Bh5 6. g4 Bg6 7. Qe2 e6 8. h4 h5 9. g5 Nfd7 10. d5 e5 11. Bh3 Be7 12. Be3 c5 13. Nd2 O-O 14.
a4 Na6 15. O-O Nb4 16. Nc4 Nb6 17. Na3 Qe8 18. f3 f5 19. a5 Nc8 20. Nc4 Qf7 21. Nb5 Na6 22. Kh2 Qe8 23. Nd2 Qd8 24.
exf5 Bxf5 25. Bxf5 Rxf5 26. Ne4 Qd7 27. c4 Nc7 28. Nbc3 Ne8 29. f4 g6 30. fxe5 dxe5 31. Ng3 Rxf1 32.
Rxf1 Ng7 33. Nce4 Nd6 34. Nxc5 Qg4 35. Qxg4 hxg4 36. b3 Ngf5 37.
Nxf5 Nxf5 38. Bg1 g3+ 39. Kh3 Rc8 40. Nxb7 Rb8 41. a6 e4 42. c5 e3 43. d6 e2 44. Re1 Bd8 45. Rxe2 1-0

[Event "UK Open Blitz Championships 2024 - London Qualifier"]
[Site "London, United Kingdom"]
[Date "2024.09.21"]
[Round "4.4"]
[White "Banerjee, Supratit"]
[Black "Badacsonyi, Stanley"]
[Result "0-1"]
[TimeControl "3 minutes + 2 seconds incr. from move 1"]
[WhiteTitle "CM"]
[BlackTitle "FM"]
[WhiteFideId "2410079"]
[BlackFideId "486973"]
[WhiteElo "2138"]
[BlackElo "2332"]

1. e4 e6 2. d4 d5 3. exd5 exd5 4. Nf3 Bd6 5. Bd3 Nc6 6. O-O Nge7 7. c3 Bg4 8. Re1 Qd7 9. b4 f6 10. a4 O-O 11. Nbd2 Ng6 12. Nb3 Rae8 13. Be3 Bf5 14. b5 Nce7 15.
Nc5 Qc8 16. c4 b6 17. Nb3 Bxd3 18. Qxd3 dxc4 19. Qxc4+ Kh8 20. a5 Qf5 21. Nbd2 Nd5 22. axb6 axb6 23. Nf1 Ngf4 24. Ng3 Qd3 25. Qxd3 Nxd3 26. Red1 Nb2 27. Re1 Nc4 28. Nf5 Bb4 29. Re2 g6 30. Rc1 gxf5 31. Rxc4 f4 32. Bd2 Rxe2 33. Bxb4 Ra8 34. h3 Ra4 35. Rc6 Rxb4 36. Nh4 Rxb5 37. Nf5 Ne7 38. Nxe7 Rxe7 39.
Rxf6 Rd5 40. Rxf4 Red7 41. Rf8+ Kg7 42. Rc8 Rxd4 43. g3 b5 44. Rb8 b4 45. f4 Rc4 46. Kf2 Rd3 47. Ke2 Rxg3 48. Kd2 Rxf4 49. Ke2 Rxh3 50. Rb7 Rc4 51. Kd2 b3 52. Kd1 Rc2 53. Rxb3 Rxb3 54. Kxc2 Rg3 55. Kd2 h5 56. Ke2 h4 57. Kf2 c5 58. Ke2 h3 59. Kf2 Rg6 60. Kf1 h2 61. Ke2 h1=Q 62. Kd3 Qf3+ 63. Kc4 Rg4+ 64. Kb5 Qb3+ 65. Kc6 Rg6+ 66. Kd7 Qb7+ 67. Kd8 Rd6+ 68. Ke8 Qf7# 0-1

[Event "UK Open Blitz Championships 2024 - London Qualifier"]
[Site "London, United Kingdom"]
[Date "2024.09.21"]
[Round "5.1"]
[White "Royal, Shreyas"]
[Black "Ghasi, Ameet K"]
[Result "1-0"]
[TimeControl "3 minutes + 2 seconds incr. from move 1"]
[WhiteTitle "IM"]
[BlackTitle "IM"]
[WhiteFideId "448869"]
[BlackFideId "409200"]
[WhiteElo "2331"]
[BlackElo "2524"]

1. Nf3 Nf6 2. d4 g6 3. Nc3 d6 4. e4 Bg7 5. Be2 O-O 6. O-O Bg4 7. Be3 Nc6 8. d5 Bxf3 9.
Bxf3 Ne5 10. Be2 c6 11. f4 Ned7 12. dxc6 bxc6 13. Qd2 Qc7 14.
Rad1 Rab8 15. b3 Rfe8 16.
Bf3 a5 17. Rfe1 Rbd8 18. Qf2 e6 19. Bd4 Rb8 20. e5 dxe5 21. fxe5 Nd5 22. Qg3 Rb4 23. Nxd5 cxd5 24. c3 Rbb8 25. h4 Rbc8 26. h5 Nb8 27. Qf4 Nc6 28. h6 Bf8 29.
Rc1 Qe7 30. Bf2 Rc7 31. Bh4 Qa3 32. c4 d4 33. Bxc6 Rxc6 34. Rc2 a4 35. Qf3 Rc7 36. Rd1 Qc5 37. Bf2 Rd7 38. Qe4 Red8 39. Rcd2 Bxh6 40. Rxd4 Qc7 41. b4 a3 42. c5 Bg7 43. Rd6 Bf8 44. Bg3 Bxd6 45. exd6 Qa7 46. Be5 Rb8 47. Qh4 Qa4 48. Rd4 f5 49.
Qf6 Qc2 50. Qh8+ Kf7 51. Qg7+ Ke8 52. Qg8# 1-0

[Event "UK Open Blitz Championships 2024 - London Qualifier"]
[Site "London, United Kingdom"]
[Date "2024.09.21"]
[Round "5.2"]
[White "Korshunov, Sergey"]
[Black "Roberson, Peter T"]
[Result "0-1"]
[TimeControl "3 minutes + 2 seconds incr. from move 1"]
[WhiteTitle "FM"]
[BlackTitle "IM"]
[WhiteFideId "34274715"]
[BlackFideId "412384"]
[WhiteElo "2278"]
[BlackElo "2346"]

1. e4 e6 2. d4 d5 3. e5 c5 4. c3 Nc6 5. Nf3 Bd7 6. Na3 cxd4 7. cxd4 Bxa3 8. bxa3 Nge7 9. Bd3 Nf5 10. O-O Nfxd4 11. Nxd4 Nxd4 12. Qg4 Nf5 13.
Bxf5 exf5 14. Qxg7 Rf8 15. Rb1 Bc6 16. Bg5 Qd7 17. Rfc1 Qe6 18. Rxc6 Qxc6 19. e6 Qxe6 20. Bd2 O-O-O 21. Bf4 Rfe8 22. Qc3+ Qc6 23. Qd3 Re4 24. g3 Rde8 25. Kg2 Rc4 26.
Qxf5+ Qe6 27. Qxh7 Qe4+ 28. Qxe4 Rexe4 29. h4 Rc2 30.
Rd1 Ree2 31. Rxd5 Rxf2+ 32. Kh3 Rxa2 33. h5 Rh2+ 34. Kg4 Rxa3 35. h6 a5 36. Bd6 Ra1 37. Bc5 Rxh6 38. Bd4 Rd1 39. Rc5+ Kd7 40. Be3 Re6 41. Bf4 a4 42.
Rc7+ Ke8 43. Rxb7 Ra6 44. Bg5 f6 45. Bf4 a3 46. Rb8+ Rd8 47.
Rb1 a2 48. Ra1 Rd3 49. Kf5 Rb3 50. Be3 Rb1 51. Bd4 Rxa1 52. Bxa1 Rb6 53. g4 Rb1 0-1

[Event "UK Open Blitz Championships 2024 - London Qualifier"]
[Site "London, United Kingdom"]
[Date "2024.09.21"]
[Round "5.3"]
[White "Badacsonyi, Stanley"]
[Black "Kirk, Ezra"]
[Result "1/2-1/2"]
[TimeControl "3 minutes + 2 seconds incr. from move 1"]
[WhiteTitle "FM"]
[BlackTitle "IM"]
[WhiteFideId "486973"]
[BlackFideId "600067"]
[WhiteElo "2332"]
[BlackElo "2219"]

1. d4 Nf6 2. Nc3 d5 3.
Bf4 a6 4. e3 e6 5. Bd3 c5 6.
dxc5 Nbd7 7. Nf3 Nxc5 8. O-O Nxd3 9. cxd3 Be7 10. d4 O-O 11. Rc1 Nh5 12. Be5 f6 13. Ne1 g6 14. Bg3 Bd7 15. Nd3 Rc8 16. Qb3 b5 17. a4 b4 18.
Ne2 Nxg3 19. hxg3 Qa5 20. Rxc8 Rxc8 21. Ra1 g5 22. Qd1 Rc6 23. b3 Qc7 24. Rc1 a5 25. Rxc6 Qxc6 26. Qc1 Qxc1+ 27. Nexc1 Kf7 28. f3 Bd6 29. Kf2 e5 30. dxe5 fxe5 31. f4 gxf4 32. gxf4 exf4 33. exf4 Bf5 34. Ke3 h5 35. Kd4 Ke6 36. g3 Bc7 37. Kc5 Bd8 38.
Kc6 Be4 39. Nc5 Kf5 40. Kd7 Bb6 41. Ne6 Bf2 42. Ne2 Bd3 43. N2d4+ Kg4 44. Kd6 Kxg3 45. f5 Bxd4 46. Nxd4 h4 47. f6 Bg6 48. Nf5+ Kg4 49. Nxh4 Kxh4 50. Kxd5 Kg5 51. Kc5 Bf7 52. Kb6 Kxf6 53. Kxa5 1/2-1/2

[Event "UK Open Blitz Championships 2024 - London Qualifier"]
[Site "London, United Kingdom"]
[Date "2024.09.21"]
[Round "5.4"]
[White "Turner, Max N"]
[Black "Gasanov, Eldar"]
[Result "1/2-1/2"]
[TimeControl "3 minutes + 2 seconds incr. from move 1"]
[WhiteTitle "CM"]
[BlackTitle "GM"]
[WhiteFideId "447722"]
[BlackFideId "14104466"]
[WhiteElo "2157"]
[BlackElo "2467"]

1. d4 d6 2. Nf3 Bg4 3.
e4 Nf6 4. Nc3 e6 5. h3 Bh5 6.
Be2 Be7 7. O-O O-O 8. Be3 d5 9. e5 Nfd7 10. Nd2 Bg6 11. f4 c5 12. f5 Bxf5 13. Nxd5 cxd4 14. Bxd4 Nc6 15. Nxe7+ Qxe7 16.
Nc4 Bxc2 17. Qd2 Nxd4 18. Qxd4 Qc5 19.
Qxc5 Nxc5 20. Nd6 b6 21. b4 Nd3 22. Bxd3 Bxd3 23. Rfd1 Bg6 24. Rac1 Rad8 25. Rc7 f6 26. exf6 Rxf6 27.
Rc8 Rff8 28. Rc7 Rf7 29. Nxf7 Rxd1+ 30. Kh2 Bxf7 31. Rc8+ Be8 32. Rxe8+ Kf7 33. Ra8 Rd7 34. Kg3 Rd3+ 35. Kf4 Ra3 36. Rh8 Rxa2 37. g4 Ra4 38. Ke5 Rxb4 39. Rb8 Rb5+ 40. Kd6 Rd5+ 41. Kc6 Kf6 42. Rb7 Rc5+ 43. Kd6 Ra5 44. Rb8 Rd5+ 45. Kc6 Rd3 46. Rf8 Ke7 47. Rg8 Kf7 48. Ra8 Rxh3 49. Rxa7+ Kf6 50. Kxb6 Rg3 51. Ra4 Kg5 52. Ra7 Kh6 53. Kc6 Rxg4 54. Kd6 Re4 55. Ra5 Kg6 56. Ra1 h5 57. Rg1 Kf6 58. Rf1 Kg5 59. Rg1+ Rg4 60. Re1 h4 61.
Kxe6 h3 62. Re5+ Kh4 63. Re2 Kg3 64. Kf5 Ra4 65. Re3+ Kg2 66. Re2+ Kf3 67. Rb2 Ra5+ 68. Kg6 Ra7 69. Rb3+ Kg2 70. Rb2+ Kg1 71. Rb1+ Kf2 72. Rb2+ Kg3 73. Rb3+ Kg2 74.
Rb2+ Kf3 75. Rb3+ Kg2 76. Rb2+ Kg1 77. Rb1+ Kf2 78. Rb2+ Kf1 79. Rb1+ Ke2 80. Rb2+ Ke1 81. Rb1+ Kf2 82. Rb2+ Kg3 83. Rb3+ Kg4 84. Rb4+ Kf3 85. Rb3+ Kg2 86. Rb2+ Kf1 87. Rb1+ Ke2 88. Rb2+ Ke1 89. Rb1+ Kd2 90. Rb2+ Kd1 91. Rh2 Ra3 92. Kg5 Ke1 93. Kg4 Kf1 94. Rxh3 Ra5 95. Rh5 Ra6 96. Rh7 Rg6+ 97. Kf5 Rg2 98. Rh4 Kf2 99. Rg4 Rg3 100. Rxg3 Kxg3 101. Kg6 Kf4 102. Kxg7 Ke5 1/2-1/2

[Event "UK Open Blitz Championships 2024 - London Qualifier"]
[Site "London, United Kingdom"]
[Date "2024.09.21"]
[Round "5.5"]
[White "Mirzoeva, Elmira"]
[Black "Dong, Bao Nghia"]
[Result "0-1"]
[TimeControl "3 minutes + 2 seconds incr. from move 1"]
[WhiteTitle "WGM"]
[BlackTitle "FM"]
[WhiteFideId "4127951"]
[BlackFideId "12400343"]
[WhiteElo "2094"]
[BlackElo "2306"]

1. d4 Nf6 2. c4 c5 3. d5 b5 4. cxb5 a6 5. b6 d6 6. Nc3 Nbd7 7. e4 g6 8. Nf3 Bg7 9. a4 Qxb6 10. Be2 O-O 11. O-O Rb8 12. a5 Qa7 13. Nd2 Ne5 14. h3 g5 15. Nc4 Nxc4 16. Bxc4 Rb4 17. Qe2 g4 18.
hxg4 Nxg4 19. Ra4 Bxc3 20. Rxb4 Bxb4 21. f3 Ne5 22. Bh6 Nxc4 23. Bxf8 Kxf8 24. Qxc4 Bd7 25. Qc1 c4+ 26. Kh1 Qd4 27.
Rd1 Qf6 28. Qxc4 Qh4+ 29. Kg1 Bc5+ 0-1

[Event "UK Open Blitz Championships 2024 - London Qualifier"]
[Site "London, United Kingdom"]
[Date "2024.09.21"]
[Round "6.1"]
[White "Roberson, Peter T"]
[Black "Turner, Max N"]
[Result "0-1"]
[TimeControl "3 minutes + 2 seconds incr. from move 1"]
[WhiteTitle "IM"]
[BlackTitle "CM"]
[WhiteFideId "412384"]
[BlackFideId "447722"]
[WhiteElo "2346"]
[BlackElo "2157"]

1. e4 c6 2. d4 d5 3. e5 Bf5 4.
Nd2 e6 5. Nb3 Nd7 6. Nf3 h6 7. Be2 Ne7 8.
O-O Bh7 9. a4 a5 10. Bd2 Nf5 11. c4 Be7 12.
Rc1 dxc4 13. Bxc4 O-O 14. Qe1 b6 15. Bd3 c5 16. Qe4 Bg6 17. Qe2 cxd4 18. g4 Nh4 19. Bxg6 Nxg6 20. Nbxd4 Bc5 21. Qe4 Bxd4 22. Qxd4 Nc5 23. Be3 Rc8 24.
Rfd1 Nh4 25. Qf4 Nxf3+ 26. Qxf3 Qe7 27. Rd6 Nxa4 28. b3 Rxc1+ 29. Bxc1 Nc5 30. Rxb6 Qc7 31. Rc6 Qxe5 32. Ba3 Qa1+ 33. Kg2 Qxa3 34. Qe3 Nxb3 35. g5 hxg5 36. Rc3 a4 37. Qxg5 Qb2 38. Rh3 Qf6 39. Qb5 Qg6+ 40. Rg3 Qe4+ 41. Kg1 Rd8 42. f3 Rd1+ 43. Kg2 Rd2+ 44. Kh3 Qf5+ 45. Qxf5 exf5 46. f4 Rd4 47. Kh4 Rxf4+ 48. Kh5 g6+ 49. Kg5 Rg4+ 0-1

[Event "UK Open Blitz Championships 2024 - London Qualifier"]
[Site "London, United Kingdom"]
[Date "2024.09.21"]
[Round "6.2"]
[White "Dong, Bao Nghia"]
[Black "Royal, Shreyas"]
[Result "0-1"]
[TimeControl "3 minutes + 2 seconds incr. from move 1"]
[WhiteTitle "FM"]
[BlackTitle "IM"]
[WhiteFideId "12400343"]
[BlackFideId "448869"]
[WhiteElo "2306"]
[BlackElo "2331"]

1. e4 e5 2. Nf3 Nc6 3.
Bc4 Bc5 4. O-O Nf6 5. d3 d6 6. h3 O-O 7. c3 a5 8. Re1 h6 9. Nbd2 Be6 10. Bb3 Re8 11. Nf1 Bxb3 12. axb3 d5 13. Qc2 Qd7 14. exd5 Nxd5 15.
b4 axb4 16. Rxa8 Rxa8 17. Nxe5 Nxe5 18.
Rxe5 Be7 19. d4 bxc3 20. bxc3 c6 21. Re1 Qc7 22. c4 Nf6 23. Ng3 Bb4 24. Bd2 Bxd2 25. Qxd2 Qd7 26. Qf4 Re8 27. Re5 Rxe5 28. dxe5 Ne8 29.
Nf5 Nc7 30. Nd6 Ne6 31. Qg4 Qc7 32. f4 Qb6+ 33. Kh2 Qd4 34.
g3 Qf2+ 35. Kh1 Qf1+ 36. Kh2 Nd4 37.
Qc8+ Kh7 38. g4 Qxf4+ 39. Kg2 Qf3+ 40. Kh2 Qe2+ 41. Kh1 Qxe5 42. Nxb7 Qe1+ 43. Kg2 Qe2+ 44. Kh1 Qf3+ 45. Kh2 Qf2+ 46. Kh1 Qg3 47. g5 hxg5 48. Qg4 Qe1+ 49. Kg2 Qd2+ 50. Kh1 Qc1+ 51. Kg2 Ne6 52.
Qe4+ Kg8 53. Qxc6 Qd2+ 54. Kf1 Qd3+ 55. Kf2 Qd2+ 56. Kf1 Nf4 57. Qc8+ Kh7 58. Qf5+ Kh6 59. Qe4 Nd3 60. Qc6+ g6 61. Qf3 Qc1+ 62. Ke2 Nf4+ 63. Kf2 Qd2+ 64. Kf1 Qc1+ 65. Kf2 Qxc4 66. Nd6 Qc2+ 67. Kg3 Nh5+ 68.
Kg4 f5+ 69. Nxf5+ gxf5+ 70. Qxf5 Qg2# 0-1